 Dungeon Crawl Stone Soup version 0.27-a0-1123-g2f9bb313c0 (webtiles) character file.

Game seed: 2741974323035876434

16037 robertstho the Eclecticist (level 12, -8/76 HPs)
             Began as a Djinni Fire Elementalist on May 3, 2021.
             Was an Initiate of Ru.
             Shot with an arrow by Nessos (17 damage)
             ... on level 12 of the Dungeon.
             The game lasted 00:20:28 (10018 turns).

robertstho the Eclecticist (DjFE)                  Turns: 10018, Time: 00:20:29

Health: -8/76      AC:  9    Str: 13    XL:     12   Next: 33%
Gold:   693        EV: 15    Int: 22    God:    Ru [......] SH:  0 Dex: 20

rFire    + + .     SeeInvis .   w - +1 dagger (elec)
rCold    x . .     Faith    .   (no shield)
rNeg     . . .     Spirit   .   D - +0 robe {Archmagi}
rPois    ∞         Reflect  .   g - +2 hat
rElec    .         Harm     .   E - +2 cloak {Stlth+}
rCorr    .         Rampage  .   I - +1 pair of gloves
Will     +....                  (boots unavailable)
Stlth    ..........             k - amulet of regeneration
HPRegen  1.22/turn              l - +6 ring of strength
MPRegen  0.00/turn              y - +6 ring of dexterity

@: flying
A: fire resistance 2, cold vulnerability 1, no stealth, float, innate caster, hp
casting, extra vitality 1
a: Renounce Religion


You were on level 12 of the Dungeon.
You worshipped Ru.
Ru was noncommittal.
You visited 2 branches of the dungeon, and saw 13 of its levels.

You collected 895 gold pieces.
You spent 202 gold pieces at shops.

Inventory:

Hand Weapons
 j - a +0 war axe
 m - a +0 short sword of holy wrath
 w - a +1 dagger of electrocution (weapon)
 C - a +0 scimitar of flaming
Missiles
 h - 5 boomerangs of dispersal
Armour
 g - a +2 hat (worn)
 x - +0 steam dragon scales
 D - a +0 robe of the Archmagi (worn)
 E - a +2 cloak of stealth (worn)
 I - a +1 pair of gloves (worn)
 M - a +2 robe of cold resistance
Jewellery
 k - an amulet of regeneration (around neck)
 l - a +6 ring of strength (left hand)
 r - a +6 ring of intelligence
 t - a ring of willpower
 y - a +6 ring of dexterity (right hand)
 A - a ring of fire
 F - a +6 ring of intelligence
 L - a ring of magical power
Wands
 B - a wand of flame (39)
 G - a wand of acid (11)
Scrolls
 b - a scroll of torment {unknown}
 c - 3 scrolls of teleportation
 d - 2 scrolls of enchant weapon {unknown}
 i - a scroll of silence {unknown}
 n - 2 scrolls of holy word {unknown}
 o - 2 scrolls of immolation
 p - 3 scrolls of enchant armour
 s - 3 scrolls of vulnerability
 H - 2 scrolls of identify
 K - a scroll of magic mapping {unknown}
Potions
 a - a potion of attraction
 e - a potion of might {unknown}
 f - 4 potions of curing
 q - a potion of heal wounds {unknown}
 u - 2 potions of brilliance
 v - 2 potions of lignification
 z - a potion of haste
 J - a potion of berserk rage {unknown}


   Skills:
 + Level 2.8 Fighting
 + Level 1.0 Axes
 + Level 5.5 Dodging
 + Level 15.0 Spellcasting


You had 13 spell levels left.
You knew the following spells:

 Your Spells              Type           Power      Damage    Failure   Level
a - Foxfire               Conj/Fire      100%       2x1d9     0%          1
b - Conjure Flame         Conj/Fire      89%        6-21      1%          3
c - Inner Flame           Hex/Fire       89%        N/A       1%          3
d - Sticky Flame          Conj/Fire      89%        2d10      1%          4
e - Fireball              Conj/Fire      44%        3d18      1%          5
f - Beastly Appendage     Tmut           100%       N/A       0%          1
g - Call Imp              Summ           89%        N/A       0%          2
h - Searing Ray           Conj           100%       3d7       0%          2
i - Swiftness             Air            89%        N/A       1%          3
j - Animate Dead          Necr           44%        N/A       1%          4
Your spell library was empty.

Dungeon Overview and Level Annotations

Branches:
Dungeon (12/15)            Temple (1/1) D:7            Lair (0/6) D:9
    Orc: D:9-12

Altars:
Cheibriados
Dithmenos
Elyvilon
Gozag
Hepliaklqana
Makhleb
Okawaru
Qazlal
Ru
Sif Muna
Trog
Uskayaw
Vehumet
Wu Jian
Xom
Yredelemnul
Zin
The Shining One

Shops:
D:4 *

Annotations:
D:7 2 transporters, kd29's ghost, novice TrTm
D:9 2 transporters, Zeld's ghost, novice OpCj
D:12 3 runed translucent doors, Nessos; Wioc's ghost, journeyman OpEE


Innate Abilities, Weirdness & Mutations

You are immune to poison.
Your flesh is very heat resistant. (rF++)
You are vulnerable to cold. (rC-)
You cannot be stealthy.
You float through the air rather than walking.
You learn spells naturally, not from books.
Your magical power is your life essence.
You have superior vitality. (+4 HP)


Message History

Press: ? - help, Shift-Dir - straight line, f/p - Nessos
Aim: Nessos, wearing a +0 barding and quivering arrows (moderately wounded, fast, covered in liquid flames)
You feel a surge of power!
The fireball explodes!
The fireball engulfs the acid dragon!!
You kill the acid dragon!
Nessos burns!
The boulder beetle burns!
The boulder beetle stops burning.
Casting: Fireball (mildly dangerous; 1% risk of failure)
Confirm with . or Enter, or press ? or * to list all spells.
Aiming: Fireball (mildly dangerous; 1% risk of failure)
Press: ? - help, Shift-Dir - straight line, f/p - Nessos
Aim: Nessos, wearing a +0 barding and quivering arrows (moderately wounded, fast, covered in liquid flames)
You feel a surge of power!
The fireball explodes!
The fireball engulfs Nessos!!
Nessos is severely wounded.
* * * LOW HITPOINT WARNING * * *
Nessos burns!
Nessos wields a +3 longbow of flaming.
It bursts into flame!
Nessos shoots an arrow.
The arrow closely misses you.
The boulder beetle leaps!
Unknown command.
Casting: Fireball (mildly dangerous; 1% risk of failure)
Confirm with . or Enter, or press ? or * to list all spells.
Aiming: Fireball (mildly dangerous; 1% risk of failure)
Press: ? - help, Shift-Dir - straight line, f/p - Nessos
Aim: Nessos, wielding a +3 longbow of flaming, wearing a +0 barding and quivering arrows (severely wounded, fast, covered in liquid flames)
You feel a surge of power!
The fireball explodes!
The fireball engulfs Nessos!
Nessos is severely wounded.
The fireball engulfs the boulder beetle!!
You kill the boulder beetle!
The fireball engulfs the two-headed ogre!!
The two-headed ogre is heavily wounded.
* * * LOW HITPOINT WARNING * * *
Nessos burns!
Nessos shoots an arrow.
The arrow closely misses you.
Nessos shoots an arrow.
The arrow hits you!
* * * LOW HITPOINT WARNING * * *
The arrow burns you.
* * * LOW HITPOINT WARNING * * *
Your Spellcasting skill increases to level 15!
As you read the scroll labelled FOTHROK YTU, it crumbles to dust.
It is a scroll of enchant armour.
Your +0 pair of gloves glows green for a moment.
Nessos burns!
Nessos shoots an arrow.
The arrow hits you!
You die...

.##.........+..#.#!.#.
......#####.#DDH#...# #
.#.########.#.DWp...#.##
............#########...
######...............
#...#.........##
.....###......†....
...... #.....c.....
...... #...@.O.....
...... #..........?
...... #.#.##.###.. ....
#.#.. (# #.##.. . .. ..
.. . .. .. .$#


You could see a death knight, Nessos (fast, burning), a seven-headed hydra, a
six-headed hydra, a two-headed ogre, a manticore and Wioc's ghost.

Vanquished Creatures
  Josephine (D:12)
  A hydra (D:12)
  A boulder beetle (D:12)
  Erica (D:9)
  2 two-headed ogres
  Pikel (D:4)
  2 cyclopes (D:11)
  A gargoyle (D:8)
  A komodo dragon (D:11)
  A troll (D:12)
  Prince Ribbit (D:7)
  Sigmund (D:5)
  A meliai zombie (D:11)
  3 wraiths
  A wyvern (D:7)
  17 yaks
  A steam dragon (D:5)
  Menkaure (D:7)
  A warg (D:12)
  4 acid dragons
  Duvessa (D:5)
  A water moccasin (D:9)
  8 orc warriors
  2 ice beasts
  A sky beast (D:5)
  2 black bears
  A necrophage (D:6)
  An ogre (D:6)
  11 centaurs
  A kobold brigand (D:9)
  2 lemures (D:4)
  Blork the orc (D:5)
  2 gnoll sergeants
  2 scorpions (D:4)
  2 bullfrogs (D:8)
  A wyvern zombie (D:7)
  Dowan (D:5)
  6 killer bees
  11 wights
  3 electric eels (D:11)
  2 howler monkeys
  A bullfrog zombie (D:7)
  4 centaur zombies
  A bullfrog skeleton (D:5)
  7 orc priests
  A hound (D:4)
  An iguana (D:6)
  3 jellies
  12 orc wizards
  A howler monkey zombie (D:5)
  11 gnolls
  8 adders
  A shadow imp (D:6)
  6 worms
  6 dart slugs
  38 orcs
  5 ball pythons
  5 endoplasms
  4 giant cockroaches
  5 hobgoblins
  10 kobolds
  7 quokkas
  3 frilled lizards (D:3)
  8 goblins
  2 rats (D:3)
255 creatures vanquished.

Vanquished Creatures (collateral kills)
  A foxfire (D:5)
1 creature vanquished.

Vanquished Creatures (others)
  463 foxfires
  34 plants
  6 toadstools (D:5)
503 creatures vanquished.

Grand Total: 759 creatures vanquished

Notes
Turn   | Place    | Note
-------+----------+-------------------------------------------
     0 | D:1      | robertstho the Djinni Fire Elementalist began the quest for
                  | the Orb.
     0 | D:1      | Reached XP level 1. HP: 15/15 MP: 0/0
    80 | D:1      | Reached skill level 3 in Spellcasting
    80 | D:1      | Reached XP level 2. HP: 4/21 MP: 0/0
   943 | D:1      | Reached XP level 3. HP: 22/26 MP: 0/0
   943 | D:1      | Learned a level 1 spell: Beastly Appendage
  1513 | D:2      | Found a faded altar of an unknown god.
  2052 | D:2      | Reached XP level 4. HP: 31/31 MP: 0/0
  2321 | D:3      | Reached skill level 4 in Spellcasting
  2700 | D:3      | Reached XP level 5. HP: 36/36 MP: 0/0
  2700 | D:3      | Learned a level 2 spell: Call Imp
  2837 | D:3      | Found a burning altar of Makhleb.
  2837 | D:3      | Found a glowing golden altar of the Shining One.
  3411 | D:4      | Reached skill level 5 in Spellcasting
  3414 | D:4      | Reached XP level 6. HP: 41/41 MP: 0/0
  3447 | D:4      | Noticed an acid dragon
  3453 | D:4      | Killed an acid dragon
  3686 | D:4      | Reached skill level 6 in Spellcasting
  3686 | D:4      | Reached XP level 7. HP: 46/46 MP: 0/0
  3686 | D:4      | Learned a level 2 spell: Searing Ray
  3687 | D:4      | Found Optuzeta's Assorted Antiques.
  3692 | D:4      | Noticed Pikel
  3783 | D:4      | Killed Pikel
  3784 | D:4      | Reached skill level 1 in Fighting
  3784 | D:4      | Reached skill level 7 in Spellcasting
  3784 | D:4      | Reached XP level 8. HP: 52/52 MP: 0/0
  3795 | D:4      | Bought a scroll labelled FOTHROK YTU for 26 gold pieces
  3795 | D:4      | Bought an onyx ring for 130 gold pieces
  3795 | D:4      | Bought an emerald potion for 23 gold pieces
  3795 | D:4      | Bought a yellow potion for 23 gold pieces
  4002 | D:5      | Entered Level 5 of the Dungeon
  4002 | D:5      | Noticed Duvessa
  4009 | D:5      | Noticed Dowan
  4221 | D:5      | Reached skill level 8 in Spellcasting
  4244 | D:5      | Noticed Blork the orc
  4255 | D:5      | Killed Blork the orc
  4382 | D:5      | Killed Duvessa
  4389 | D:5      | Killed Dowan
  4420 | D:5      | Noticed Sigmund
  4424 | D:5      | Killed Sigmund
  4425 | D:5      | Reached skill level 1 in Axes
  4425 | D:5      | Reached XP level 9. HP: 57/57 MP: 0/0
  4425 | D:5      | Learned a level 3 spell: Swiftness
  4689 | D:5      | Reached skill level 9 in Spellcasting
  5053 | D:6      | Found a hide-covered altar of Uskayaw.
  5071 | D:6      | Found a shimmering altar of Xom.
  5307 | D:6      | Found a snail-covered altar of Cheibriados.
  5310 | D:6      | Found a stormy altar of Qazlal.
  5313 | D:6      | Found a bloodstained altar of Trog.
  6139 | D:7      | Reached skill level 10 in Spellcasting
  6182 | D:7      | Noticed Prince Ribbit
  6190 | D:7      | Killed Prince Ribbit
  6310 | D:7      | Noticed Menkaure
  6312 | D:7      | Killed Menkaure
  6358 | D:7      | Found a staircase to the Ecumenical Temple.
  6435 | Temple   | Entered the Ecumenical Temple
  6444 | Temple   | Became a worshipper of Ru the Awakened
  6603 | D:7      | Noticed a two-headed ogre
  6608 | D:7      | Killed a two-headed ogre
  6609 | D:7      | Reached skill level 11 in Spellcasting
  6609 | D:7      | Reached XP level 10. HP: 34/64 MP: 0/0
  6651 | D:7      | Found a transporter.
  6672 | D:7      | Found a transporter.
  6676 | D:7      | Noticed kd29's ghost (novice TrTm)
  7040 | D:8      | Noticed a gargoyle
  7046 | D:8      | Killed a gargoyle
  7453 | D:9      | Noticed Erica
  7458 | D:9      | Killed Erica
  7459 | D:9      | Reached skill level 12 in Spellcasting
  7531 | D:9      | Found a staircase to the Lair.
  7598 | D:9      | Noticed Zeld's ghost (novice OpCj)
  7599 | D:9      | Found a transporter.
  7600 | D:9      | Identified the +4 dire flail "Tobustre" {flame, Contam
                  | Str+8 Dex+5}
  7600 | D:9      | Noticed a two-headed ogre
  7603 | D:9      | Found a transporter.
  7927 | D:10     | Entered Level 10 of the Dungeon
  8172 | D:10     | Reached XP level 11. HP: 58/68 MP: 0/0
  8172 | D:10     | Learned a level 4 spell: Animate Dead
  8274 | D:10     | Reached skill level 5 in Dodging
  8304 | D:10     | Found Ludiut's Antique Weapon Boutique.
  8527 | D:10     | Reached skill level 13 in Spellcasting
  9031 | D:11     | Noticed a cyclops
  9035 | D:11     | Killed a cyclops
  9053 | D:11     | Gained mutation: You cannot be stealthy. [Ru sacrifice]
  9061 | D:11     | Identified the -3 helmet "Citovyl" {rN++}
  9233 | D:11     | Noticed a tengu warrior
  9233 | D:11     | Noticed a centaur warrior
  9351 | D:11     | Noticed a cyclops
  9354 | D:11     | Killed a cyclops
  9499 | D:11     | Reached skill level 14 in Spellcasting
  9514 | D:11     | Noticed a two-headed ogre
  9517 | D:11     | Killed a two-headed ogre
  9794 | D:12     | Noticed Josephine
  9796 | D:12     | Reached XP level 12. HP: 72/76 MP: 0/0
  9801 | D:12     | Killed Josephine
  9891 | D:12     | Found a runed translucent gate.
  9891 | D:12     | Found a runed translucent gate.
  9894 | D:12     | Noticed a storm dragon
  9895 | D:12     | Noticed a death knight
  9897 | D:12     | Noticed Wioc's ghost (journeyman OpEE)
  9899 | D:12     | Noticed a seven-headed hydra
  9904 | D:12     | Noticed a five-headed hydra
  9908 | D:12     | Killed a five-headed hydra
  9912 | D:12     | Noticed a six-headed hydra
  9949 | D:12     | Found a runed translucent gate.
 10004 | D:12     | Noticed a boulder beetle
 10010 | D:12     | Noticed Nessos
 10012 | D:12     | Noticed a two-headed ogre
 10017 | D:12     | Killed a boulder beetle
 10018 | D:12     | Reached skill level 15 in Spellcasting
 10018 | D:12     | Shot with an arrow by Nessos

Illustrated notes

Levels and vault maps discovered:
D:1:      erik_arrival_cave_to_civilisation [erik_arrival_cave_to_temple],
          layout_rooms
D:2:      layout_rooms, chequers_ecumenical_altar_simple_redux
D:3:      layout_loops_corners, gammafunk_temple_overflow_pools
D:4:      minmay_wonky_spiral, layout_gridville, serial_shops,
          nicolae_shop_crystal, uniq_pikel
D:5:      layout_loops_ring, minmay_gold_behind_fungi, uniq_duvessa,
          uniq_sigmund, uniq_blork_the_orc
D:6:      layout_layer_cave, grunt_temple_overflow_cloverleaf, kennysheep_mini,
          nicolae_overflow_hidden_temple, roderic_filled_cross,
          chequers_serial_rivers_large_b, serial_bayou_pond_c
D:7:      layout_gridville, minmay_temple_entry_offerings,
          gammafunk_ghost_stat_death, uniq_prince_ribbit1, uniq_menkaure
D:8:      layout_rooms
D:9:      layout_rooms, lair_entry_dummy, gammafunk_ghost_smash, uniq_erica
D:10:     layout_basic, serial_shops, shop, serial_corexii_hall,
          corexii_hall_statues_x, chequers_hall_statues_wall_a
D:11:     layout_basic, serial_bayou, serial_bayou_pond_b, serial_bayou_pond_d,
          serial_bayou_lagoon_a, serial_bayou_pond_b, serial_bayou_pond_d,
          serial_bayou_pond_e, lightli_corner_chamber
D:12:     layout_rooms, david_orc_3, gammafunk_ghost_split,
          minmay_curled_crystal, uniq_nessos, uniq_psyche, uniq_josephine
Temple:   eino_narrow_crystal_temple

Skill      XL: |  1  2  3  4  5  6  7  8  9 10 11 12 |
---------------+-------------------------------------+-----
Spellcasting   | 3 4 5 6 7 8 11 12 14 15 | 15.0
Stealth        | 2 3 4 0 |  0.0
Dodging        | 3 4 5 |  5.5
Fighting       | 1 2 |  2.8
Axes           | 1 |  1.0

Action                   |  1- 3 |  4- 6 |  7- 9 | 10-12 || total
-------------------------+-------+-------+-------+-------++-------
Melee: War axe           |       |     1 |       |       ||     1
       Dagger            |       |       |     5 |     6 ||    11
 Cast: Foxfire           |    92 |   117 |    97 |       ||   306
       Sticky Flame      |       |     2 |     8 |    10 ||    20
       Searing Ray       |       |       |     6 |     5 ||    11
       Fireball          |       |       |    39 |   148 ||   187
Invok: Sacrifice Stealth |       |       |       |     1 ||     1
  Use: Scroll            |       |     2 |     4 |     6 ||    12
       Potion            |       |       |       |     2 ||     2
Armor: Robe              |     1 |     3 |     2 |    13 ||    19
       Steam dragon scal |       |       |     2 |     1 ||     3
Dodge: Dodged            |     6 |     7 |    12 |    34 ||    59

Table legend: (Time is in decaauts)
 A = Elapsed time spent in this place.
 B = Non-inter-level travel time spent in this place.
 C = Inter-level travel time spent in this place.
 D = Time resting spent in this place.
 E = Time spent auto-exploring this place.
 F = Levels seen in this place.
 G = Mean time per level.
                   A        B        C        D        E       F      G
               +--------+--------+--------+--------+--------+-----+--------+
         Total |  10029 |   9545 |    484 |    233 |   8112 |  13 |  771.5 |
       Dungeon |  10011 |   9536 |    475 |    233 |   8105 |  12 |  834.2 |
        Temple |     17 |      9 |      8 |      0 |      7 |   1 |   17.0 |
               +--------+--------+--------+--------+--------+-----+--------+

Top non-repeatable levels by time:
     D:1: 1425 daAuts
     D:6: 1351 daAuts
    D:10: 1035 daAuts
     D:3: 1033 daAuts
    D:11: 928 daAuts
     D:2: 840 daAuts
     D:7: 834 daAuts
     D:5: 756 daAuts
     D:4: 723 daAuts
     D:9: 560 daAuts
     D:8: 382 daAuts
    D:12: 138 daAuts
  Temple: 17 daAuts
